 Dungeon Crawl Stone Soup version 0.28.0 (webtiles) character file.

Game seed: 16095042898511223874

7 snetch the Magician (level 2, -1/21 HPs)
             Began as a Djinni Fire Elementalist on Feb 9, 2022.
             Slain by a ball python (2 damage)
             ... on level 2 of the Dungeon.
             The game lasted 00:00:45 (403 turns).

snetch the Magician (Djinni Fire Elementalist)       Turns: 403, Time: 00:00:50

Health: -1/21      AC:  2    Str:  7    XL:     2   Next: 5%
Gold:   28         EV: 12    Int: 16    God:
                   SH:  0    Dex: 13

rFire   + + .      SeeInvis .   (no weapon)
rCold   x . .      Faith    .   (no shield)
rNeg    . . .      Spirit   .   a - +0 robe
rPois   ∞          Reflect  .   (no helmet)
rElec   .          Harm     .   (no cloak)
rCorr   .          Rampage  .   (no gloves)
Will    .....                   (boots unavailable)
Stlth   ++........              (no amulet)
HPRegen 0.07/turn               (no ring)
MPRegen 0.00/turn               (no ring)

@: flying
A: sickness immunity, fire resistance 2, cold vulnerability 1, float, innate
caster, HP casting, extra vitality 1
a: no special abilities


You were on level 2 of the Dungeon.
You visited 1 branch of the dungeon, and saw 3 of its levels.

You collected 28 gold pieces.

Inventory:

Missiles
 b - 25 stones
Armour
 a - a +0 robe (worn)


   Skills:
 + Level 2.2 Dodging
 + Level 1.6 Stealth
 + Level 2.7 Spellcasting


You couldn't memorise any spells.
You knew the following spells:

 Your Spells              Type           Power      Damage    Failure   Level
a - Foxfire               Conj/Fire      40%        2x1d6     6%          1
b - Scorch                Fire           20%        2d6       10%         2
c - Conjure Flame         Conj/Fire      10%        6-21      19%         3
d - Inner Flame           Hex/Fire       10%        N/A       19%         3
e - Flame Wave            Conj/Fire      10%        2d5       52%         4
Your spell library was empty.

Dungeon Overview and Level Annotations

Branches:
Dungeon (3/15)

Altars:

Shops:
D:2 *


Innate Abilities, Weirdness & Mutations

You are immune to sickness and miasma.
You are immune to poison.
Your flesh is very heat resistant. (rF++)
You are vulnerable to cold. (rC-)
You float through the air rather than walking.
You learn spells naturally, not from books.
Your magical power is your life essence.
You have superior vitality. (+4 MHP)


Message History

The goblin shouts!
The ball python hisses angrily.
The frilled lizard bites you but does no damage.
You fly downwards.
Found 13 gold pieces.
Found an escape hatch in the floor.
There is a stone staircase leading up here.
You conjure some foxfire!
The frilled lizard barely misses you.
You are too injured to fight recklessly!
You are too injured to fight recklessly!
Unknown command.
Casting: Foxfire (safe; 7% risk of failure)
Press: ? - help, Q - select action, (/) - cycle Dir - look around, f - activate You conjure some foxfire!
The foxfire hits the rat.
You kill the rat!
The foxfire hits the frilled lizard.
The frilled lizard is moderately wounded.
The frilled lizard closely misses you.
You have reached level 2!
Unknown command.
The foxfire hits the frilled lizard.
You kill the frilled lizard!
Your foxfire dissipates!
You now have 28 gold pieces (gained 13).
There is a stone staircase leading up here.
You start resting.
HP restored.
You fly upwards.
The ball python bites you. The ball python closely misses you.
The quokka bites you. The hobgoblin hits you. The goblin barely misses you.
The ball python barely misses you. The ball python grabs you.
The ball python constricts you. The quokka bites you.
There is a stone staircase leading down here.
Unknown command.
You escape the ball python's grasp.
The hobgoblin closely misses you. The quokka bites you.
* * * LOW HITPOINT WARNING * * *
The goblin hits you but does no damage. The ball python bites you.
* * * LOW HITPOINT WARNING * * *
The ball python barely misses you. The quokka closely misses you.
The ball python bites you.
You die...

..∩...####..#..!..
.....................
....8..##....##......
....[[........##...?.
.........g...........
..............#####..
r......##....## .
......ggS....#
......r@######
......rS# ......rb#
#.###.... . .....
###<..# #...# #...#


You could see 2 quokkas, a hobgoblin, a goblin, a bat, 2 ball pythons and 2
rats.

Vanquished Creatures
  A dart slug (D:1)
  An endoplasm (D:1)
  2 ball pythons (D:1)
  A frilled lizard (D:3)
  A rat (D:3)
6 creatures vanquished.

Vanquished Creatures (others)
  22 foxfires
22 creatures vanquished.

Grand Total: 28 creatures vanquished

Notes
Turn   | Place    | Note
-------+----------+-------------------------------------------
     0 | D:1      | snetch the Djinni Fire Elementalist began the quest for the
                  | Orb.
     0 | D:1      | Reached XP level 1. HP: 15/15 MP: 0/0
   223 | D:2      | Found Nynycsan's General Store.
   234 | D:3      | Reached XP level 2. HP: 9/21 MP: 0/0
   403 | D:2      | HP: 1/21 [ball python (3)]
   403 | D:2      | Slain by a ball python

Illustrated notes

Levels and vault maps discovered:
D:1:      saegor_arrival_simple_c, layout_loops_ring,
          shapermc_ecumenical_altar_acropolis
D:2:      layout_loops_ring, serial_shops, shop, nicolae_shop_hallway_plus,
          shop_statue, minmay_distorted
D:3:      kennysheep_big_flooded_room, layout_loops_cross,
          gammafunk_ghost_smash, uniq_jessica

Action                   || total
-------------------------++-------
Melee: Unarmed           ||     1
 Cast: Foxfire           ||    12
Armor: Robe              ||     4
Dodge: Dodged            ||    12
